 Dungeon Crawl Stone Soup version 0.20.1-1-g8b1a95d (webtiles) character file.

1850 Irenicus the Insei (level 8, -2/68 HPs)
             Began as a Deep Dwarf Necromancer on Nov 3, 2017.
             Was a Priest of Makhleb.
             Killed from afar by Folque's ghost (14 damage)
             ... with a spray of energy
             ... on level 6 of the Dungeon.
             The game lasted 00:29:06 (4532 turns).

Irenicus the Insei (Deep Dwarf Necromancer)         Turns: 4532, Time: 00:29:06

Health: -2/68      AC:  2    Str: 12    XL:     8   Next: 88%
Magic:  4/15       EV: 20    Int: 16    God:    Makhleb [***...]
Gold:   435        SH:  0    Dex: 20    Spells: 5/17 levels left

rFire    x . .     SeeInvis .     - Unarmed
rCold    + . .     Gourm    .   (shield currently unavailable)
rNeg     . . .     Faith    .   (armour currently unavailable)
rPois    x         Spirit   .   (helmet currently unavailable)
rElec    .         Reflect  .   (cloak currently unavailable)
rCorr    .         Harm     .   (gloves currently unavailable)
MR       +....                  (boots currently unavailable)
Stlth    ++........             (no amulet)
Regen    0.0/turn               d - ring of wizardry
MPRegen  0.2/turn               I - ring of ice

@: spider-form (expiring), non-regenerating
A: damage resistance, heal wounds, sense surroundings 1, no regeneration
a: Heal Wounds, End Transformation, Minor Destruction, Lesser Servant of
Makhleb, Renounce Religion


You were on level 6 of the Dungeon.
You worshipped Makhleb.
Makhleb was most pleased with you.
You were very hungry.
You were a venomous arachnid creature.
You visited 2 branches of the dungeon, and saw 8 of its levels.
You also visited: Sewer.

You collected 435 gold pieces.

Inventory:

Hand Weapons
 a - a +3 flail
 w - a +1 whip of venom
Armour
 f - a +0 leather armour (melded)
 j - a +0 helmet (melded)
 n - a +0 pair of boots (melded)
 y - a cursed -2 ring mail
 A - a +0 pair of gloves (melded)
 E - a cursed +0 buckler
Jewellery
 d - a ring of wizardry (left front leg)
 I - a ring of ice (right front leg)
Wands
 m - a wand of acid (5/15)
 v - a wand of flame (22/48)
 G - a wand of flame (20/48)
Scrolls
 e - 2 scrolls of magic mapping
 h - 3 scrolls of amnesia {unknown}
 o - 2 scrolls of recharging {unknown}
 q - 6 scrolls of identify {unknown}
 r - 2 scrolls of blinking {unknown}
 u - a scroll of immolation {unknown}
 x - a scroll of noise {unknown}
 z - 4 scrolls of remove curse {unknown}
 D - a scroll of enchant armour {unknown}
 H - 2 scrolls of teleportation {unknown}
Potions
 g - a potion of magic {unknown}
 s - 3 potions of flight {unknown}
 t - 3 potions of lignification {unknown}
 B - a potion of brilliance {unknown}
 C - a potion of might {unknown}
 F - a potion of curing
Books
 b - a book of Necromancy

   Spells                             Type                      Level
   a - Pain                           Necromancy                   1
   b - Animate Skeleton               Necromancy                   1
   c - Vampiric Draining              Necromancy                   3
   d - Regeneration                   Charms/Necromancy            3
   e - Animate Dead                   Necromancy                   4
   f - Control Undead                 Necromancy                   4
 k - a book of Changes

   Spells                             Type                      Level
   a - Beastly Appendage              Transmutation                1
   b - Sticks to Snakes               Transmutation                2
   c - Spider Form                    Transmutation/Poison         3
   d - Ice Form                       Ice/Transmutation            4
   e - Blade Hands                    Transmutation                5
Comestibles
 c - 8 bread rations
 i - 3 fruits
 l - 2 royal jellies


   Skills:
 - Level 2.5 Fighting
 - Level 0.2 Maces & Flails
 - Level 2.2 Dodging
 - Level 2.4 Stealth
 - Level 7.0 Unarmed Combat
 - Level 5.0 Spellcasting
 - Level 5.0 Necromancy
 + Level 4.0 Transmutations
 - Level 1.1 Poison Magic


You had 5 spell levels left.
You knew the following spells:

 Your Spells              Type           Power        Failure   Level  Hunger
a - Pain                  Necr           ###.         3%          1    None
b - Animate Skeleton      Necr           N/A          3%          1    None
c - Control Undead        Necr           ###.......   16%         4    ####...
e - Vampiric Draining     Necr           ###.......   7%          3    ###....
f - Spider Form           Tmut/Pois      ##........   14%         3    ###....


Dungeon Overview and Level Annotations

Branches:
Dungeon (7/15)             Temple (1/1) D:4

Altars:
Ashenzari
Dithmenos
Gozag
Hepliaklqana
Makhleb
Nemelex Xobeh
Okawaru
Ru
Sif Muna
Trog
Vehumet
Xom
Zin

Shops:
D:6 (

Annotations:
D:6 Folque's ghost, novice TeCj
D:7 Zogzag's ghost, novice HuIE


Innate Abilities, Weirdness & Mutations

You are resistant to damage.
You can heal yourself by infusing magical energy.
You passively map a small area around you.
You do not regenerate.


Message History

Your smoke demon gestures at Folque's ghost.
The ball of steam misses Folque's ghost.
You feel much better.
Folque's ghost is engulfed in a cloud of scalding steam.
Folque's ghost closely misses you.
You hit Folque's ghost.
Folque's ghost is severely damaged.
Folque's ghost casts a spell at you. The orb of energy hits you!
* * * LOW HITPOINT WARNING * * *
The orb of energy explodes!
You barely miss Folque's ghost.
Folque's ghost is severely damaged.
Your smoke demon gestures at Folque's ghost.
Folque's ghost is smitten.
You barely miss Folque's ghost.
Folque's ghost is almost destroyed.
Folque's ghost casts a spell at you. The spray of energy hits you!
You die...

, * *#..W.........#..#
# ##♣∩♣###.####.#..#
#.##.....W...# #.#..#
##.....♣.####.# #.#..#
* #........# #W# #.#.)#
........)# #.# #.#..#
,......§§#####.###.#(.#
.....#...)W3†.....#* *
........#s###.###.#
.....##.#.# #.# * *
#...#*#.#=# #.# * *
##.# #.#.# #.. * ##*
#.#.# ### * , * #.#.# ,
#.#.# , , * #.# * ,, ,


You could see Folque's ghost and a friendly smoke demon.

Vanquished Creatures
  Sigmund (D:2)
  An orc warrior (D:6)
  An ice beast (D:5)
  An ogre (D:5)
  2 bullfrogs (Sewer)
  A scorpion (D:5)
  The ghost of Irenicus the Magician, a weakling DgWz (D:3)
  A crimson imp (D:5)
  A jelly (D:5)
  A quasit (D:6)
  3 centaur zombies (D:5)
  2 bullfrog zombies (D:5)
  A hound (D:4)
  An orc priest (D:3)
  A bullfrog skeleton (D:5)
  2 orc wizards
  Natasha (thrice) (D:2)
  Terence (D:2)
  2 worker ants
  2 hound zombies (D:5)
  3 worker ant zombies (D:5)
  12 gnolls
  A howler monkey skeleton (D:5)
  12 adders
  An ooze (D:3)
  An adder zombie (D:5)
  5 worms
  A dart slug (D:1)
  3 leopard geckos
  17 orcs
  7 ball pythons
  13 giant cockroaches
  9 goblins
  9 hobgoblins
  12 jackals
  3 quokkas
  3 bats
  4 frilled lizards
  A giant cockroach zombie (D:5)
  2 jackal zombies (D:5)
  6 kobolds
  A leopard gecko skeleton (D:5)
  A leopard gecko zombie (D:5)
  10 rats
166 creatures vanquished.

Vanquished Creatures (collateral kills)
  A phantom (D:5)
  A scorpion (D:5)
  2 centaur zombies (D:5)
  3 bullfrog zombies (D:5)
  A centaur skeleton (D:5)
  A worker ant zombie (D:5)
  A howler monkey zombie (D:5)
  A gnoll (D:4)
  2 oozes
  2 adder skeletons (D:5)
  2 orcs (D:4)
  A ball python (Sewer)
  A bat (D:3)
  A giant cockroach (Sewer)
  A goblin (D:3)
  A frilled lizard (D:3)
  2 rats (D:3)
24 creatures vanquished.

Vanquished Creatures (others)
  A worker ant (D:6)
  4 toadstools (D:1)
5 creatures vanquished.

Grand Total: 195 creatures vanquished

Notes
Turn   | Place    | Note
-------+----------+-------------------------------------------
     0 | D:1      | Irenicus the Deep Dwarf Necromancer began the quest for the Orb.
     0 | D:1      | Reached XP level 1. HP: 15/15 MP: 3/3
   151 | D:1      | Reached XP level 2. HP: 22/22 MP: 0/5
   518 | D:1      | Reached XP level 3. HP: 7/28 MP: 1/7
   587 | D:1      | Learned a level 3 spell: Vampiric Draining
   892 | D:2      | Noticed Natasha
   896 | D:2      | Killed Natasha
   896 | D:2      | Reached XP level 4. HP: 14/36 MP: 1/9
   994 | D:2      | Found an iron altar of Okawaru.
  1045 | D:2      | Noticed Sigmund
  1059 | D:2      | Killed Sigmund
  1059 | D:2      | Reached skill level 5 in Spellcasting
  1059 | D:2      | Reached XP level 5. HP: 27/42 MP: 0/12
  1086 | D:2      | Learned a level 3 spell: Spider Form
  1086 | D:2      | Noticed Terence
  1130 | D:2      | Killed Terence
  1130 | D:2      | Reached XP level 6. HP: 32/49 MP: 0/13
  1290 | D:2      | Reached skill level 5 in Necromancy
  1316 | D:2      | Found an opulent altar of Gozag.
  1324 | D:2      | Noticed Natasha
  1329 | D:2      | Killed Natasha
  1495 | D:2      | Noticed Natasha
  1505 | D:2      | Killed Natasha
  1505 | D:2      | Reached skill level 1 in Transmutations
  1623 | D:3      | Reached skill level 1 in Poison Magic
  1638 | D:3      | Learned a level 1 spell: Animate Skeleton
  1808 | D:3      | Noticed Irenicus's ghost (weakling DgWz)
  1816 | D:3      | Learned a level 4 spell: Control Undead
  2052 | D:3      | Killed Irenicus's ghost
  2052 | D:3      | Reached XP level 7. HP: 36/55 MP: 3/14
  2202 | D:4      | Found a staircase to the Ecumenical Temple.
  2209 | Temple   | Entered the Ecumenical Temple
  2270 | Temple   | Became a worshipper of Makhleb the Destroyer
  2396 | D:4      | Reached skill level 1 in Unarmed Combat
  2477 | D:4      | Found a glowing drain.
  2500 | Sewer    | Entered a sewer
  2649 | Sewer    | Reached * piety under Makhleb
  2682 | Sewer    | Reached skill level 2 in Unarmed Combat
  2742 | Sewer    | Reached skill level 3 in Unarmed Combat
  2874 | D:4      | Found a sparkling altar of Nemelex Xobeh.
  2913 | D:4      | Found a shattered altar of Ashenzari.
  2940 | D:4      | Reached skill level 4 in Unarmed Combat
  3168 | D:4      | Noticed a moth of wrath
  3171 | D:4      | Found a bloodstained altar of Trog.
  3239 | D:5      | Entered Level 5 of the Dungeon
  3398 | D:5      | Reached ** piety under Makhleb
  3425 | D:5      | Reached skill level 5 in Unarmed Combat
  3425 | D:5      | Reached XP level 8. HP: 28/62 MP: 4/15
  3639 | D:5      | Reached skill level 6 in Unarmed Combat
  3987 | D:5      | Reached skill level 7 in Unarmed Combat
  4008 | D:5      | Reached skill level 1 in Fighting
  4304 | D:5      | Reached *** piety under Makhleb
  4396 | D:6      | Found Fuafophexesm's Antique Weapon Emporium.
  4410 | D:6      | Noticed Folque's ghost (novice TeCj)
  4492 | D:7      | Noticed Zogzag's ghost (novice HuIE)
  4532 | D:6      | Killed from afar by Folque's ghost

Skill      XL: |  1  2  3  4  5  6  7  8 |
---------------+-------------------------+-----
Spellcasting   | 2 3 5 |  5.0
Necromancy     | 5 |  5.0
Transmutations | 3 4 |  4.0
Poison Magic   | 1 |  1.1
Unarmed Combat | 5 7 |  7.0
Fighting       | 2 |  2.5
Maces & Flails | |  0.2
Dodging        | |  2.2
Stealth        | |  2.4

Action                   |  1- 3 |  4- 6 |  7- 9 || total
-------------------------+-------+-------+-------++-------
Melee: Unarmed           |     2 |    25 |   211 ||   238
       Flail             |     2 |    22 |       ||    24
       Whip              |       |    54 |    93 ||   147
       Punch             |       |       |     2 ||     2
 Cast: Pain              |    30 |    11 |    10 ||    51
       Vampiric Draining |     4 |    31 |    34 ||    69
       Spider Form       |       |     5 |    26 ||    31
       Control Undead    |       |     5 |     8 ||    13
       Animate Skeleton  |       |     3 |    10 ||    13
Invok: Lesser Servant of |       |       |     1 ||     1
 Abil: Heal Wounds       |       |       |     2 ||     2
  Use: Potion            |       |     2 |     3 ||     5
       Scroll            |       |       |     1 ||     1
 Stab: Sleeping          |       |     3 |     3 ||     6
       Distracted        |       |       |     4 ||     4
       Betrayed ally     |       |       |     4 ||     4
  Eat: Chunk             |       |     7 |    11 ||    18
       Fruit             |       |       |     4 ||     4
Armor: Leather armour    |       |    27 |    66 ||    93
       Skin              |       |       |    13 ||    13
Dodge: Dodged            |     4 |    66 |   282 ||   352
